 Dungeon Crawl Stone Soup version 0.21.1-1-g345015fe64 (webtiles) character file.

549 Crag the Shield-Bearer (level 7, -16/60 HPs)
             Began as a Gnoll Fighter on May 19, 2018.
             Demolished by an ogre
             ... wielding a +0 giant spiked club
              (20 damage)
             ... on level 5 of the Dungeon.
             The game lasted 00:14:44 (4304 turns).

Crag the Shield-Bearer (Gnoll Fighter)              Turns: 4304, Time: 00:14:44

Health: -16/60     AC:  9    Str: 19    XL:     7   Next: 28%
Magic:  10/10      EV:  9    Int: 12    God:
Gold:   281        SH: 12    Dex: 14    Spells: 10/10 levels left

rFire    . . .     SeeInvis .   a - +0 long sword
rCold    . . .     Gourm    +   c - +1 shield
rNeg     . . .     Faith    .   b - +0 scale mail
rPois    .         Spirit   .   (no helmet)
rElec    .         Reflect  .   (no cloak)
rCorr    .         Harm     .   (no gloves)
MR       .....                  q - +0 pair of boots
Stlth    +.........             k - amulet of the gourmand
HPRegen  0.20/turn              (no ring)
MPRegen  0.12/turn              (no ring)

@: no status effects
A: distributed training, fangs 1, strong nose
a: no special abilities


You were on level 5 of the Dungeon.
You were very full.

You visited 2 branches of the dungeon, and saw 6 of its levels.

You collected 281 gold pieces.

Inventory:

Hand Weapons
 a - a +0 long sword (weapon)
 v - a +0 shortbow
Missiles
 i - 17 arrows
 j - 20 poisoned needles
 m - 35 bolts
 o - 136 stones (quivered)
 x - 13 sling bullets
Armour
 b - a +0 scale mail (worn)
 c - a +1 shield (worn)
 q - a +0 pair of boots (worn)
 s - a +0 buckler
Magical Staves
 p - an uncursed staff of summoning
Jewellery
 k - an amulet of the gourmand (around neck)
Scrolls
 e - a scroll of fog
 g - 2 scrolls of fear
 l - 6 scrolls of remove curse
 r - a scroll of identify
 t - 2 scrolls of teleportation
Potions
 d - a potion of might
 A - a potion of curing
Books
 h - a book of Cantrips

   Spells                             Type                      Level
   a - Confusing Touch                Hexes                        1
   b - Animate Skeleton               Necromancy                   1
   c - Summon Small Mammal            Summoning                    1
   d - Apportation                    Translocation                1
Comestibles
 f - 5 rations


   Skills:
 + Level 7.0 Fighting
 + Level 2.3 Short Blades
 + Level 5.2 Long Blades
 + Level 2.3 Axes
 + Level 2.3 Maces & Flails
 + Level 2.3 Polearms
 + Level 2.3 Staves
 + Level 2.3 Slings
 + Level 2.3 Bows
 + Level 2.3 Crossbows
 + Level 2.3 Throwing
 + Level 7.0 Armour
 + Level 2.3 Dodging
 + Level 2.3 Stealth
 + Level 7.0 Shields
 + Level 2.3 Unarmed Combat
 + Level 2.3 Spellcasting
 + Level 1.9 Conjurations
 + Level 1.9 Hexes
 + Level 1.9 Charms
 + Level 1.9 Summonings
 + Level 1.9 Necromancy
 + Level 1.9 Translocations
 + Level 1.9 Transmutations
 + Level 1.9 Fire Magic
 + Level 1.9 Ice Magic
 + Level 1.9 Air Magic
 + Level 1.9 Earth Magic
 + Level 1.9 Poison Magic
 + Level 2.6 Invocations
 + Level 2.3 Evocations


You had 10 spell levels left.
You didn't know any spells.

Dungeon Overview and Level Annotations

Branches:
Dungeon (5/15)             Temple (1/1) D:4

Altars:
Ashenzari
Dithmenos
Elyvilon
Fedhas
Gozag
Hepliaklqana
Kikubaaqudgha
Makhleb
Okawaru
Sif Muna
Trog
Vehumet
Yredelemnul


Innate Abilities, Weirdness & Mutations

Your experience applies equally to all skills.
You have very sharp teeth.
Your uncanny sense of smell can sniff out nearby items.


Message History

You hit the ogre.
The ogre is moderately wounded.
You block the ogre's attack.
You slash the ogre!
The ogre is heavily wounded.
You block the ogre's attack.
You hit the ogre but do no damage. You bite the ogre.
The ogre is severely wounded.
The ogre hits you with a giant spiked club!!
You barely miss the ogre.
The ogre is severely wounded.
The ogre hits you with a giant spiked club!!
Ouch! That really hurt!
* * * LOW HITPOINT WARNING * * *
You hit the ogre.
The ogre is almost dead.
Your shield and scale mail prevent you from hitting the ogre.
The ogre is almost dead.
The ogre hits you with a giant spiked club!!
You die...

####........
###....######.
#####....### ##
####.....####
####.....####
#......########
.....##........#
=..#...........#
## #...O@.....##
##.........#
##........#
###.....##
###.### ###


You could see an ogre.

Vanquished Creatures
  A sky beast (D:4)
  An ogre (D:4)
  A scorpion (D:4)
  A crimson imp (D:5)
  2 iguanas
  3 orc wizards
  A hound skeleton (D:4)
  5 adders
  A howler monkey skeleton (D:5)
  2 oozes (D:2)
  3 dart slugs
  3 leopard geckos
  7 orcs
  A giant cockroach (D:4)
  5 goblins
  9 hobgoblins
  4 jackals
  6 kobolds
  3 quokkas
  2 ball pythons (D:2)
  10 bats
  2 frilled lizards
  10 rats
83 creatures vanquished.

Notes
Turn   | Place    | Note
-------+----------+-------------------------------------------
     0 | D:1      | Crag the Gnoll Fighter began the quest for the Orb.
     0 | D:1      | Reached XP level 1. HP: 23/23 MP: 1/1
    99 | D:1      | Reached XP level 2. HP: 29/29 MP: 2/2
   585 | D:1      | Reached XP level 3. HP: 30/35 MP: 3/3
   968 | D:2      | Reached skill level 1 in Invocations
   986 | D:2      | Found an iron altar of Okawaru.
   999 | D:2      | Reached skill level 1 in Short Blades
   999 | D:2      | Reached skill level 1 in Axes
   999 | D:2      | Reached skill level 1 in Maces & Flails
   999 | D:2      | Reached skill level 1 in Polearms
   999 | D:2      | Reached skill level 1 in Staves
   999 | D:2      | Reached skill level 1 in Slings
   999 | D:2      | Reached skill level 1 in Bows
   999 | D:2      | Reached skill level 1 in Crossbows
   999 | D:2      | Reached skill level 1 in Throwing
   999 | D:2      | Reached skill level 1 in Dodging
   999 | D:2      | Reached skill level 1 in Stealth
   999 | D:2      | Reached skill level 1 in Unarmed Combat
   999 | D:2      | Reached skill level 1 in Spellcasting
   999 | D:2      | Reached skill level 1 in Evocations
  1098 | D:2      | Reached XP level 4. HP: 31/41 MP: 5/5
  1758 | D:3      | Reached skill level 1 in Conjurations
  1758 | D:3      | Reached skill level 1 in Hexes
  1758 | D:3      | Reached skill level 1 in Charms
  1758 | D:3      | Reached skill level 1 in Summonings
  1758 | D:3      | Reached skill level 1 in Necromancy
  1758 | D:3      | Reached skill level 1 in Translocations
  1758 | D:3      | Reached skill level 1 in Transmutations
  1758 | D:3      | Reached skill level 1 in Fire Magic
  1758 | D:3      | Reached skill level 1 in Ice Magic
  1758 | D:3      | Reached skill level 1 in Air Magic
  1758 | D:3      | Reached skill level 1 in Earth Magic
  1758 | D:3      | Reached skill level 1 in Poison Magic
  2279 | D:4      | Reached XP level 5. HP: 32/47 MP: 5/7
  2779 | D:4      | Noticed an ogre
  2787 | D:4      | Killed an ogre
  2787 | D:4      | Reached XP level 6. HP: 31/53 MP: 8/8
  3069 | D:4      | Found a staircase to the Ecumenical Temple.
  3078 | Temple   | Entered the Ecumenical Temple
  3714 | D:5      | Entered Level 5 of the Dungeon
  3714 | D:5      | Noticed a sky beast
  3730 | D:4      | Killed a sky beast
  3730 | D:4      | Reached skill level 5 in Long Blades
  3894 | D:4      | Reached XP level 7. HP: 59/59 MP: 10/10
  4304 | D:5      | Demolished by an ogre

Skill      XL: |  1  2  3  4  5  6  7 |
---------------+----------------------+-----
Invocations    | 1 2 |  2.6
Short Blades   | 1 2 |  2.3
Axes           | 1 2 |  2.3
Maces & Flails | 1 2 |  2.3
Polearms       | 1 2 |  2.3
Staves         | 1 2 |  2.3
Slings         | 1 2 |  2.3
Bows           | 1 2 |  2.3
Crossbows      | 1 2 |  2.3
Throwing       | 1 2 |  2.3
Dodging        | 1 2 |  2.3
Stealth        | 1 2 |  2.3
Unarmed Combat | 1 2 |  2.3
Spellcasting   | 1 2 |  2.3
Evocations     | 1 2 |  2.3
Conjurations   | 1 |  1.9
Hexes          | 1 |  1.9
Charms         | 1 |  1.9
Summonings     | 1 |  1.9
Necromancy     | 1 |  1.9
Translocations | 1 |  1.9
Transmutations | 1 |  1.9
Fire Magic     | 1 |  1.9
Ice Magic      | 1 |  1.9
Air Magic      | 1 |  1.9
Earth Magic    | 1 |  1.9
Poison Magic   | 1 |  1.9
Long Blades    | 5 |  5.2
Fighting       | 7 |  7.0
Armour         | 7 |  7.0
Shields        | 7 |  7.0

Action                   |  1- 3 |  4- 6 |  7- 9 || total
-------------------------+-------+-------+-------++-------
Melee: Long sword        |    86 |   162 |    37 ||   285
       Bite              |    13 |    22 |     6 ||    41
  Use: Scroll            |     5 |     6 |       ||    11
       Potion            |     1 |     6 |       ||     7
  Eat: Chunk             |    15 |     9 |     1 ||    25
Armor: Scale mail        |    37 |    52 |    11 ||   100
Dodge: Dodged            |    31 |    35 |     7 ||    73
Block: Shield            |    58 |    84 |    21 ||   163
       Rpst.: Long sword |    17 |     9 |     2 ||    28
